 Dungeon Crawl Stone Soup version 0.25-a0-105-g2289b3b (webtiles) character file.

Game seed: 15972707019050788017, levelgen mode: deterministic

286 TheGoonsmith the Magician (level 6, -1/33 HPs)
             Began as a Deep Elf Fire Elementalist on Nov 16, 2019.
             Was an Initiate of Vehumet.
             Slain by a hornet (11 damage)
             ... on level 4 of the Dungeon.
             The game lasted 00:07:11 (3292 turns).

TheGoonsmith the Magician (DEFE)                    Turns: 3292, Time: 00:07:12

Health: -1/33      AC:  3    Str:  5    XL:     6   Next: 8%
Magic:  9/15       EV: 13    Int: 22    God:    Vehumet [......]
Gold:   103        SH:  0    Dex: 15    Spells: 2/15 levels left

rFire    . . .     SeeInvis .   s - +0 dagger (elec)
rCold    . . .     Gourm    .   (no shield)
rNeg     . . .     Faith    .   a - +0 robe
rPois    .         Spirit   .   (no helmet)
rElec    .         Reflect  .   (no cloak)
rCorr    .         Harm     .   m - +0 pair of gloves
MR       .....                  (no boots)
Stlth    ++........             (no amulet)
HPRegen  0.11/turn              (no ring)
MPRegen  0.14/turn              o - ring of wizardry

@: slowed, very slow
A: no striking features
a: Renounce Religion


You were on level 4 of the Dungeon.
You worshipped Vehumet.
Vehumet was noncommittal.
You were very hungry.

You visited 2 branches of the dungeon, and saw 5 of its levels.

You collected 103 gold pieces.

Inventory:

Hand Weapons
 g - a +0 dagger
 s - a +0 dagger of electrocution (weapon)
Armour
 a - a +0 robe (worn)
 m - a +0 pair of gloves (worn)
Jewellery
 f - a +6 ring of evasion {unknown}
 k - an uncursed ring of ice
 o - a ring of wizardry (right hand)
Scrolls
 d - 3 scrolls of remove curse
 j - a scroll of identify {unknown}
Potions
 b - a potion of brilliance {unknown}
 e - a potion of degeneration {unknown}
 h - 2 potions of haste {unknown}
 i - 2 potions of flight {unknown}
 n - 2 potions of agility {unknown}
 q - a potion of lignification {unknown}
Comestibles
 c - 9 rations


   Skills:
 + Level 0.6 Fighting
 + Level 3.3 Dodging
 - Level 2.4 Stealth
 + Level 5.2 Spellcasting
 + Level 4.3 Conjurations
 + Level 4.2 Fire Magic


You had 2 spell levels left.
You knew the following spells:

 Your Spells              Type           Power        Failure   Level  Hunger
a - Flame Tongue          Conj/Fire      ###..        1%          1    None
c - Conjure Flame         Conj/Fire      ###.....     1%          3    ##.....
s - Sticky Flame          Conj/Fire      ###.....     7%          4    ####...
z - Fireball              Conj/Fire      ###.......   19%         5    #####..

Your spell library contained the following spells:

 Spells                   Type           Power        Failure   Level  Hunger
 Throw Flame              Conj/Fire      ###...       1%          2    None
 Inner Flame              Hex/Fire       ###.....     4%          3    ##.....


Dungeon Overview and Level Annotations

Branches:
Dungeon (4/15)             Temple (1/1) D:4

Altars:
Ashenzari
Cheibriados
Elyvilon
Fedhas
Gozag
Hepliaklqana
Kikubaaqudgha
Makhleb
Okawaru
Qazlal
Ru
Trog
Vehumet
Wu Jian
Xom
Yredelemnul
Zin


Message History

Aiming: Sticky Flame (safe; 7% risk of failure)
Press: ? - help, Shift-Dir - straight line, f/p - hornet
Aim: a hornet (lightly wounded)
The sticky flame hits the hornet.
The hornet is moderately wounded.
The hornet is covered in liquid flames!
The hornet burns!
The hornet stings you!!
Ouch! That really hurt!
You feel yourself slow down. The hornet stings you.
You feel as though you will be slow longer.
Casting: Sticky Flame (safe; 7% risk of failure)
Confirm with . or Enter, or press ? or * to list all spells.
Aiming: Flame Tongue (safe; 1% risk of failure)
Press: ? - help, Shift-Dir - straight line, f/p - hornet
Aim: a hornet (moderately wounded, covered in liquid flames)
The flame tongue misses the hornet.
The hornet burns! x2
The hornet barely misses you. The hornet misses you.
Unknown command.
The hornet burns!
The hornet stings you!
You die...

*****,#.##.#
#.# *,#.##.#
#.# *,#.##.#
#.# *,#.##.#
#.# *,#.##.#
#.# *,#.##.#
#.# *,#.##.#
#.# *,#.##.#
#.# *,#....#
#@#
*,######***#y#
*,,,,.<......#
*****#########


You could see a hornet (burning).

Vanquished Creatures
  A howler monkey (D:4)
  A crimson imp (D:4)
  An orc priest (D:3)
  A hound (D:4)
  An orc wizard (D:3)
  3 adders
  An adder skeleton (D:4)
  A worm (D:3)
  3 dart slugs
  2 leopard geckos
  11 orcs (D:3)
  A ball python (D:2)
  4 giant cockroaches
  5 goblins
  9 hobgoblins
  5 jackals
  5 kobolds
  5 quokkas
  4 bats
  3 frilled lizards
  9 rats
76 creatures vanquished.

Notes
Turn   | Place    | Note
-------+----------+-------------------------------------------
     0 | D:1      | TheGoonsmith the Deep Elf Fire Elementalist began the quest
                  | for the Orb.
     0 | D:1      | Reached XP level 1. HP: 10/10 MP: 6/6
   210 | D:1      | Reached XP level 2. HP: 15/15 MP: 0/8
   846 | D:2      | Reached XP level 3. HP: 19/19 MP: 7/10
  1566 | D:2      | Found a white marble altar of Elyvilon.
  1566 | D:2      | Found a blossoming altar of Fedhas.
  1758 | D:3      | Reached skill level 4 in Spellcasting
  1794 | D:3      | Reached XP level 4. HP: 21/24 MP: 3/12
  2206 | D:3      | Learned a level 4 spell: Sticky Flame
  2210 | D:3      | Learned a level 3 spell: Conjure Flame
  2236 | D:3      | Reached skill level 5 in Spellcasting
  2236 | D:3      | Reached XP level 5. HP: 28/28 MP: 7/14
  2553 | D:3      | Found an ornate altar of the Wu Jian Council.
  2746 | D:4      | Learned a level 5 spell: Fireball
  2810 | D:4      | Found a staircase to the Ecumenical Temple.
  2820 | Temple   | Entered the Ecumenical Temple
  2907 | Temple   | Became a worshipper of Vehumet
  3124 | D:4      | Reached XP level 6. HP: 33/33 MP: 6/15
  3288 | D:4      | Noticed a hornet
  3292 | D:4      | Slain by a hornet

Levels and vault maps discovered:
D:1:      dpeg_arrival_arbitrary_b, layout_loops_ring, solitary_fountain
D:2:      layout_basic, gammafunk_temple_overflow_statue
D:3:      layout_rooms, nicolae_overflow_hidden_temple, first_ration,
          kennysheep_generic_room_11
D:4:      layout_basic, minmay_temple_entry_butterflies
Temple:   nicolae_temple_elliptical

Skill      XL: |  1  2  3  4  5 |
---------------+----------------+-----
Dodging        | 3 |  3.3
Conjurations   | 2 3 4 |  4.3
Fire Magic     | 4 |  4.2
Spellcasting   | 4 5 |  5.2
Fighting       | |  0.6
Stealth        | |  2.4

Action                   |  1- 3 |  4- 6 || total
-------------------------+-------+-------++-------
Melee: Unarmed           |     8 |       ||     8
       Dagger            |     1 |     8 ||     9
 Cast: Flame Tongue      |    67 |    74 ||   141
       Conjure Flame     |       |     1 ||     1
       Sticky Flame      |       |     1 ||     1
  Use: Scroll            |       |     5 ||     5
  Eat: Chunk             |     2 |     4 ||     6
Armor: Robe              |     4 |     3 ||     7
Dodge: Dodged            |    22 |    15 ||    37

Table legend:
 A = Non-vault XP
 B = Vault XP
 C = Vault XP percentage of total XP
 D = Non-vault monster count
 E = Vault monster count
 F = Vault count percentage of total count
                 A         B        C        D         E       F
            +---------+---------+-------+---------+---------+-------
      Total |     408 |       1 |   0.2 |      75 |       1 |   1.3
            +---------+---------+-------+---------+---------+-------
        D:1 |      27 |       0 |   0.0 |      15 |       0 |   0.0
        D:2 |      56 |       0 |   0.0 |      18 |       0 |   0.0
        D:3 |     165 |       1 |   0.6 |      34 |       1 |   2.9
        D:4 |     160 |       0 |   0.0 |       8 |       0 |   0.0
            +---------+---------+-------+---------+---------+-------
